 Dungeon Crawl Stone Soup version 0.30.0-19-g36f170ea60 (webtiles) character file.

Game seed: 7521363698375688644

30 Peloso the Covered (level 3, 33/33 HPs)
             Began as a Minotaur Fighter on May 27, 2023.
             Got out of the dungeon alive.
             The game lasted 00:02:02 (751 turns).

Peloso the Covered (Minotaur Fighter)                Turns: 751, Time: 00:02:03

Health: 33/33      AC: 10    Str: 20    XL:     3   Next: 3%
Magic:  1/1        EV:  9    Int:  5    God:
Gold:   51         SH:  4    Dex: 11    Spells: 2/2 levels left

rFire   + . .        a - +1 long sword
rCold   . . .        c - +0 buckler
rNeg    . . .        b - +0 scale mail
rPois   .            (helmet restricted)
rElec   .            (no cloak)
rCorr   .            (no gloves)
SInv    .            f - +2 pair of boots
Will    .....        (no amulet) Stlth
                     (no ring)
HPRegen 0.25/turn    (no ring)
MPRegen 0.07/turn

%: no passive effects
@: no status effects
A: horns 2, retaliatory headbutt, fire resistance 1, low MP 1, screaming 1
a: no special abilities


You escaped.
You visited 1 branch of the dungeon, and saw 1 of its levels.

You collected 51 gold pieces.

Inventory:

Hand Weapons
 a - a +1 long sword (weapon)
Armour
 b - a +0 scale mail (worn)
 c - a +0 buckler (worn)
 f - a +2 pair of boots (worn)
Potions
 d - 2 potions of might


   Skills:
 + Level 3.9 Fighting
 + Level 3.1 Long Blades
 + Level 4.3 Armour
 + Level 3.7 Shields


You had 2 spell levels left.
You didn't know any spells.
Your spell library contained the following spells:

 Spells                   Type           Power      Damage    Failure   Level
 Beastly Appendage        Tmut           0%         N/A       88%         1
 Magic Dart               Conj           0%         1d3       88%         1
 Lesser Beckoning         Tloc           0%         N/A       95%         2
 Searing Ray              Conj           0%         2d4       95%         2
 Wereblood                Tmut           0%         N/A       95%         2
 Gell's Gravitas          Tloc           0%         N/A       99%         3
 Spider Form              Tmut/Pois      0%         N/A       99%         3
 Teleport Other           Tloc           0%         N/A       99%         3
 Fulminant Prism          Conj/Hex       0%         3d5       100%        4


Dungeon Overview and Level Annotations

Branches:
Dungeon (1/15)

Altars:


Innate Abilities, Weirdness & Mutations

You have a pair of horns on your head.
You reflexively headbutt those who attack you in melee.
Your flesh is heat resistant. (rF+)
Your magical capacity is low. (-10% MP)
You occasionally shout uncontrollably at your foes.


Message History

Things that are here:
a +0 club; a kobold corpse
i - a scroll labelled RYSUETZ TIESKAINO You open the door.
There is an open door here.
There is an open door here.
Done exploring.
Done exploring.
Done exploring.
As you read the scroll labelled RINU LIANU, it crumbles to dust.
You assume a fearsome visage.
Nothing appears to happen.
It was a scroll of fear.
As you read the scroll labelled ROIR IROIFU, it crumbles to dust.
It is a scroll of enchant weapon.
Your +0 long sword glows red for a moment.
As you read the scroll labelled RYSUETZ TIESKAINO, it crumbles to dust.
It is a scroll of enchant armour.
Your +1 pair of boots glows green for a moment.
It was a potion of mutation.
You feel extremely strange.
You feel clumsy. The horns on your head grow some more.
Really quaff the potion of mutation?
Uppercase [Y]es or [N]o only, please.
Really quaff the potion of mutation?
You feel extremely strange.
You feel agile. The horns on your head shrink a bit.
You feel the urge to shout.
You feel less energetic.
You feel resistant to heat.
(D) Dungeon
Where to? (? - help)
What level of the Dungeon? (default 1, ? - help)
Things that are here:
a +0 club; a kobold corpse You open the door.
There is an open door here.
You see here a stone.
You see here a stone.
There is an open door here.
There is a staircase leading out of the dungeon here.
Are you sure you want to leave the Dungeon?
This will make you lose the game!
You have escaped!

......#.#......#.#.##..##.#
......#........#.#..#..##.#
.##..........#.#.#..#..##.#
###....#####.#.#.##.#..##.#
..#..........#.#.......##.#
#.#########..#......##.##.#
#.#..........#########.##.#
..........#.##.....###.##.#
..........#.#...@...##.##.#
............##.(.(.###.##.#
†.........######'### #.##.#
..........####(((((###....#
.##)......##..((((...##.###
.##.......'..(.(8.(...'.#
.##.......##..((((...####
..+.......####....(###
###....)..# #######


There were no monsters in sight!

Vanquished Creatures
  2 dart slugs (D:1)
  An endoplasm (D:1)
  A giant cockroach (D:1)
  2 goblins (D:1)
  2 hobgoblins (D:1)
  2 jackals (D:1)
  7 ball pythons (D:1)
  3 bats (D:1)
  2 frilled lizards (D:1)
  3 kobolds (D:1)
  A rat (D:1)
26 creatures vanquished.

Notes
Turn   | Place    | Note
-------+----------+-------------------------------------------
     0 | D:1      | Peloso the Minotaur Fighter began the quest for the Orb.
     0 | D:1      | Reached XP level 1. HP: 19/19 MP: 0/0
   125 | D:1      | Reached skill level 4 in Armour
   213 | D:1      | Reached XP level 2. HP: 26/27 MP: 1/1
   487 | D:1      | Reached XP level 3. HP: 28/33 MP: 2/2
   705 | D:1      | Gained mutation: You are clumsy. (Dex -2) [potion of
                  | mutation]
   705 | D:1      | Gained mutation: You have a pair of large horns on your
                  | head. [potion of mutation]
   706 | D:1      | Lost mutation: You are clumsy. (Dex -2) [potion of
                  | mutation]
   706 | D:1      | Lost mutation: You have a pair of large horns on your head.
                  | [potion of mutation]
   706 | D:1      | Gained mutation: You occasionally shout uncontrollably at
                  | your foes. [potion of mutation]
   706 | D:1      | Gained mutation: Your magical capacity is low. (-10% MP)
                  | [potion of mutation]
   706 | D:1      | Gained mutation: Your flesh is heat resistant. (rF+)
                  | [potion of mutation]
   751 | D:$      | Got out of the dungeon alive.

Illustrated notes

Levels and vault maps discovered:
D:1:      minmay_arrival_shattered_statue, layout_basic

Skill      XL: |  1  2 |
---------------+-------+-----
Armour         | 4 |  4.3
Long Blades    | 3 |  3.1
Fighting       | |  3.9
Shields        | |  3.7

Action                     || total
---------------------------++-------
  Melee: Long sword        ||    42
         Headbutt          ||     4
    Use: Scroll            ||     3
         Potion            ||     2
 Armour: Scale mail        ||    22
  Dodge: Dodged            ||    23
  Block: Buckler           ||    14
